 Dungeon Crawl Stone Soup version 0.25.0-3-gd7cc568 (webtiles) character file.

Game seed: 5101946251791853298

966 Helmschank the Chopper (level 7, -2/61 HPs)
             Began as a Minotaur Fighter on June 15, 2020.
             Was a Follower of the Shining One.
             Hit by a boomerang thrown by an orc warrior (16 damage)
             ... on level 6 of the Dungeon.
             The game lasted 00:17:29 (4140 turns).

Helmschank the Chopper (Minotaur Fighter)           Turns: 4140, Time: 00:17:29

Health: -2/61      AC:  5    Str: 23    XL:     7   Next: 93%
Magic:  7/7        EV: 10    Int:  5    God:    the Shining One [*.....]
Gold:   51         SH: 10    Dex:  9    Spells: 6/6 levels left

rFire    . . .     SeeInvis .   a - +0 war axe
rCold    . . .     Gourm    .   c - +0 kite shield
rNeg     . . .     Faith    .   A - +1 leather armour {rPois}
rPois    +         Spirit   .   (helmet restricted)
rElec    .         Reflect  .   w - +0 cloak
rCorr    .         Harm     .   (no gloves)
MR       .....                  (no boots)
Stlth    +.........             g - amulet of magic regeneration
HPRegen  0.20/turn              (no ring)
MPRegen  0.35/turn              (no ring)

@: glowing
A: retaliatory headbutt, horns 2
a: Renounce Religion


You were on level 6 of the Dungeon.
You worshipped the Shining One.
The Shining One was aware of your devotion.
You were not hungry.

You visited 2 branches of the dungeon, and saw 7 of its levels.

You collected 333 gold pieces.
You spent 282 gold pieces at shops.

Inventory:

Hand Weapons
 a - a +0 war axe (weapon)
 b - a +0 whip
 x - a +0 vorpal falchion
Missiles
 M - 4 boomerangs (quivered)
 N - 213 stones
 P - 21 poisoned darts
 W - 4 silver javelins
Armour
 c - a +0 kite shield (worn)
 w - a +0 cloak (worn)
 A - a +1 leather armour of poison resistance (worn)
Jewellery
 g - an amulet of magic regeneration (around neck)
Scrolls
 e - a scroll of fear {unknown}
 i - 2 scrolls of remove curse
 j - 2 scrolls of identify
 k - a scroll of immolation {unknown}
 l - 3 scrolls of teleportation
 n - a scroll of enchant armour {unknown}
 o - a scroll of fog
 q - a scroll of amnesia {unknown}
 r - 2 scrolls of magic mapping
 v - a scroll of enchant weapon
 y - a scroll of silence {unknown}
Potions
 d - 2 potions of might
 h - a potion of curing
 m - 2 potions of lignification
 p - a potion of flight {unknown}
 t - a potion of berserk rage {unknown}
 u - a potion of heal wounds {unknown}
Comestibles
 f - 9 rations
 z - 4 chunks of flesh


   Skills:
 - Level 5.0 Fighting
 + Level 7.7 Axes
 - Level 3.0 Throwing
 - Level 5.0 Armour
 - Level 2.0 Dodging
 - Level 5.0 Shields
 - Level 2.0 Invocations


You had 6 spell levels left.
You didn't know any spells.
Your spell library was empty.

Dungeon Overview and Level Annotations

Branches:
Dungeon (6/15)             Temple (1/1) D:5

Altars:
Ashenzari
Cheibriados
Dithmenos
Elyvilon
Fedhas
Gozag
Hepliaklqana
Kikubaaqudgha
Makhleb
Nemelex Xobeh
Okawaru
Ru
Sif Muna
Trog
Uskayaw
Vehumet
Wu Jian
Xom
Yredelemnul
Zin
The Shining One

Shops:
D:4 %(*


Innate Abilities, Weirdness & Mutations

You reflexively headbutt those who attack you in melee.
You have a pair of horns on your head.


Message History

Aim: an orc, wielding a -3 trident (lightly wounded, poisoned)
You throw a poisoned dart. The poisoned dart hits the orc wizard!
The orc wizard is poisoned.
A jackal comes into view.
Fire/throw which item? (* to show all) (? for menu, Esc to quit)
Throwing (i - inventory. (/) - cycle)
M - 4 boomerangs (quivered)
Press: ? - help, Shift-Dir - straight line, f/p - orc
Aim: an orc, wielding a -3 trident (lightly wounded, poisoned)
You throw a poisoned dart.
The poisoned dart closely misses the orc wizard.
The poisoned dart barely misses the orc.
The jackal barks!
The orc warrior throws a boomerang.
The boomerang hits you!
The weapon returns to the orc warrior!
The orc wizard points at you and mumbles some strange words.
The magic dart hits you.
* * * LOW HITPOINT WARNING * * *
You take 15 damage, and have 14/61 hp.
MASSIVE DAMAGE!!
The orc warrior throws a boomerang.
The boomerang hits you!
You die...

......#####
.........#.##
............#
...........##
#..........#
.###..........#
..............#
........@###
##.....[..#
##......##
#.)(..##
#oo##.# ...ho
.## ...h(.. .
....(.. #
)..(...


You could see an orc warrior (poisoned), an orc wizard (very poisoned), an orc
(poisoned) and 2 jackals.

Vanquished Creatures
  Sigmund (D:2)
  An ice beast (D:5)
  A sky beast (D:5)
  A phantom (D:6)
  A crimson imp (D:5)
  A bullfrog zombie (D:5)
  3 hounds (D:5)
  An orc priest (D:6)
  A bullfrog skeleton (D:4)
  2 jellies
  An orc wizard (D:6)
  A centaur skeleton (D:4)
  Jessica (D:2)
  2 worker ants (D:4)
  A killer bee zombie (D:5)
  A hound zombie (D:6)
  4 adders
  A worm (D:5)
  A dart slug (D:1)
  2 leopard geckos
  9 orcs
  4 bats
  3 giant cockroaches
  4 goblins (D:1)
  3 hobgoblins
  4 jackals (D:1)
  4 quokkas
  A ball python (D:1)
  4 frilled lizards
  A jackal zombie (D:5)
  6 kobolds
  A leopard gecko skeleton (D:5)
  5 rats
77 creatures vanquished.

Notes
Turn   | Place    | Note
-------+----------+-------------------------------------------
     0 | D:1      | Helmschank the Minotaur Fighter began the quest for the
                  | Orb.
     0 | D:1      | Reached XP level 1. HP: 19/19 MP: 0/0
    18 | D:1      | Reached skill level 3 in Axes
    44 | D:1      | Reached XP level 2. HP: 26/26 MP: 1/1
   411 | D:1      | Reached skill level 4 in Axes
   683 | D:2      | Reached XP level 3. HP: 33/33 MP: 2/2
   763 | D:2      | Noticed Sigmund
   773 | D:2      | Killed Sigmund
   773 | D:2      | Reached skill level 1 in Dodging
   773 | D:2      | Reached skill level 5 in Axes
   773 | D:2      | Reached XP level 4. HP: 28/40 MP: 3/3
   773 | D:2      | Reached XP level 5. HP: 33/46 MP: 4/4
   985 | D:2      | Noticed Jessica
   995 | D:2      | Killed Jessica
  1728 | D:3      | Reached skill level 6 in Axes
  2081 | D:4      | Reached XP level 6. HP: 53/53 MP: 5/5
  2082 | D:4      | Found Jothiun's Food Shop.
  2252 | D:4      | Reached skill level 5 in Fighting
  2303 | D:4      | Found Qupn's Weapon Shop.
  2306 | D:4      | Bought 6 boomerangs for 30 gold pieces
  2579 | D:4      | Found Huqisus's General Store.
  2584 | D:4      | Bought a scroll of identify for 26 gold pieces
  2584 | D:4      | Bought a scroll of identify for 26 gold pieces
  2584 | D:4      | Bought a scroll of enchant weapon for 97 gold pieces
  2584 | D:4      | Bought a scroll of magic mapping for 45 gold pieces
  2584 | D:4      | Bought a +0 cloak for 58 gold pieces
  2628 | D:5      | Entered Level 5 of the Dungeon
  2640 | D:5      | Found a hazy altar of Hepliaklqana.
  2705 | D:5      | Noticed a sky beast
  2713 | D:5      | Killed a sky beast
  2713 | D:5      | Reached skill level 5 in Armour
  2731 | D:5      | Found a staircase to the Ecumenical Temple.
  2735 | D:5      | Reached skill level 5 in Shields
  2744 | Temple   | Entered the Ecumenical Temple
  2753 | Temple   | Became a worshipper of the Shining One
  3017 | D:5      | Reached XP level 7. HP: 60/61 MP: 6/6
  3321 | D:5      | Reached skill level 1 in Invocations
  3833 | D:6      | Reached * piety under the Shining One
  3909 | D:5      | Reached skill level 7 in Axes
  4140 | D:6      | Hit by a boomerang thrown by an orc warrior

Illustrated notes

Levels and vault maps discovered:
D:1:      onia_arrival_pyramid, layout_rooms
D:2:      layout_rooms, uniq_jessica, uniq_sigmund
D:3:      layout_loops_ring
D:4:      layout_basic, serial_shops, kennysheep_mini, shop, shop, first_ration
D:5:      layout_loops_corners, minmay_temple_entry_trees, columned_hall_lemuel,
          lemuel_altar_in_water
D:6:      layout_cave_pools, makhleb_altar_promises_db
Temple:   nicolae_temple_the_god_donut

Skill      XL: |  1  2  3  4  5  6  7 |
---------------+----------------------+-----
Axes           | 3 4 5 6 7 |  7.7
Fighting       | 4 5 |  5.0
Armour         | 4 5 |  5.0
Shields        | 4 5 |  5.0
Throwing       | 2 3 |  3.0
Dodging        | 1 2 |  2.0
Invocations    | 2 |  2.0

Action                   |  1- 3 |  4- 6 |  7- 9 || total
-------------------------+-------+-------+-------++-------
Melee: War axe           |    54 |    75 |    53 ||   182
       Headbutt          |     7 |    10 |    14 ||    31
Throw: Dart              |    36 |    57 |    47 ||   140
       Stone             |     1 |    15 |       ||    16
       Boomerang         |       |     6 |    30 ||    36
  Use: Scroll            |       |     5 |       ||     5
  Eat: Chunk             |       |     6 |     4 ||    10
Armor: Scale mail        |    19 |     7 |       ||    26
       Chain mail        |       |    34 |    27 ||    61
Dodge: Dodged            |    16 |    18 |    17 ||    51
Block: Kite shield       |    24 |    25 |    25 ||    74
